 Dungeon Sprint DCSS version 0.21.0-3-g78d12a8 (webtiles) character file.

1638 sanboga the Fighter (level 8, 0/62 HPs)
             Began as a Gargoyle Berserker on Jan 10, 2018.
             Was a High Priest of Trog.
             Slain by a polar bear (4 damage)
             ... in the Dungeon (Sprint II: "The Violet Keep of Menkaure").
             The game lasted 00:05:06 (817 turns).

sanboga the Fighter (Gargoyle Berserker)             Turns: 817, Time: 00:05:06

Health: 0/62       AC: 14    Str: 23    XL:     8   Next: 98%
Magic:  7/7        EV:  9    Int:  8    God:    Trog [*****.]
Gold:   405        SH:  0    Dex:  4    Spells: 7/7 levels left

rFire    . . .     SeeInvis .   b - +5 short sword of Sloth {venom, +Blink +Fly rElec Dex-5}
rCold    + . .     Gourm    .   (no shield)
rNeg     + . .     Faith    .   j - +2 chain mail {rC+}
rPois    ∞         Spirit   .   (no helmet)
rElec    +         Reflect  .   (no cloak)
rCorr    .         Harm     .   (no gloves)
MR       .....     NoTele   +   (no boots)
Stlth    ..........             (no amulet)
HPRegen  0.20/turn              (no ring)
MPRegen  0.10/turn              (no ring)

@: berserk cooldown, starving, slowed, very slow
A: blurry vision 1, deformed body, deterioration 1, low mp 1, negative energy
resistance 1, screaming 1, electricity resistance, unbreathing, petrification
resistance, rot immunity, AC +5
a: Berserk, Trog's Hand, Brothers in Arms, Burn Spellbooks, Renounce Religion,
Evoke Blink, Evoke Flight


You were in the Dungeon.
You worshipped Trog.
Trog was extremely pleased with you.
You were starving.

You visited 1 branch You collected 729 gold pieces.
You spent 324 gold pieces at shops.

Inventory:

Hand Weapons
 b - the +5 short sword of Sloth (weapon) {venom, +Blink +Fly rElec Dex-5}
   (You bought it in a shop in the Dungeon)

   It poisons the flesh of those it strikes.
   It affects your dexterity (-5).
   It insulates you from electricity.
   It lets you fly.
   It lets you blink.
Armour
 j - a +2 chain mail of cold resistance (worn)
Wands
 a - a wand of iceblast (10)
Scrolls
 i - a scroll of blinking
Potions
 d - a potion of curing
 f - a potion of haste
 g - 2 potions of magic
 h - a potion of berserk rage
Comestibles
 c - a ration


   Skills:
 + Level 12.7 Fighting
 + Level 3.2 Short Blades
   Level 10.9 Axes
 + Level 9.3 Armour
 + Level 5.0 Dodging


You had 7 spell levels left.
You didn't know any spells.

Dungeon Overview and Level Annotations

Branches:
Dungeon (1/1)

Altars:
Cheibriados
Dithmenos
Elyvilon
Fedhas
Gozag
Hepliaklqana
Kikubaaqudgha
Makhleb
Nemelex Xobeh
Okawaru
Qazlal
Ru
Sif Muna
Trog
Uskayaw
Vehumet
Wu Jian
Xom
Yredelemnul
Zin
The Shining One
Jiyva
Lugonu

Shops:
D %:*=([=!:!!?*}[:

Annotations:
D exclusions: obsidian statue and oklob plant


Innate Abilities, Weirdness & Mutations

You are resistant to torment.
Your stone body is resilient. (AC +5)
You are immune to poison.
You resist negative energy. (rN+)
You are resistant to electric shocks. (rElec)
You can survive without breathing.
You are immune to petrification.
You are immune to rotting.
Scrolls take you a little longer to read.
Armour fits poorly on your strangely shaped body.
Your body sometimes deteriorates upon taking damage.
Your magical capacity is low. (-10% MP)
You occasionally shout uncontrollably at your foes.


Message History

The polar bear looks as sick as possible!
The polar bear is severely wounded.
The polar bear barely misses you.
The polar bear claws you but does no damage.
The polar bear misses you. The polar bear bites you!
* * * LOW HITPOINT WARNING * * *
The polar bear barely misses you.
The polar bear claws you but does no damage.
You hit the polar bear.
The polar bear is severely wounded.
The polar bear bites you but does no damage.
The polar bear claws you but does no damage. x2
The polar bear barely misses you.
The polar bear claws you but does no damage. x2
You hit the polar bear but do no damage.
The polar bear looks as sick as possible!
The polar bear is almost dead.
The polar bear bites you but does no damage.
The polar bear claws you.
You die...

+++## ....# ##..# #.
###.#### +.### ..#....#
...#### .####..##
#..##$# ###.##..#
+..#..# ##.###..#
#..#h)#
.'##.'..####..##@#
##...#....###..)##▓▓▓
###.##......≈≈≈≈≈≈≈≈≈≈≈
w ###§≈.....≈#+########
..#≈≈≈≈≈≈≈..≈#..._._._#
.##≈≈§≈≈≈≈≈.≈#_._._._.#
##≈≈≈≈≈≈≈≈§≈≈#._._._._#
≈≈≈≈≈≈§§≈§§≈≈#_._._._.#
+++#≈§§≈§≈§§§#._._._..#


You could see a polar bear (berserk).

Vanquished Creatures
  A yaktaur (D)
  A hornet (D)
  2 polar bears (D)
  4 neqoxecs (D)
  Menkaure (D)
  A scorpion (D)
  4 worker ants (D)
  3 worms (D)
17 creatures vanquished.

Vanquished Creatures (others)
  A crocodile (D)
1 creature vanquished.

Grand Total: 18 creatures vanquished

Notes
Turn   | Place    | Note
-------+----------+-------------------------------------------
     0 | D        | sanboga the Gargoyle Berserker began the quest for the Orb.
     0 | D        | Reached XP level 1. HP: 14/14 MP: 1/1
     1 | D        | Noticed a worker ant
     1 | D        | Noticed a worker ant
     1 | D        | Noticed a worker ant
     1 | D        | Noticed a worker ant
     5 | D        | Killed a worker ant
     5 | D        | Reached skill level 5 in Fighting
     5 | D        | Reached XP level 2. HP: 21/21 MP: 2/2
     8 | D        | Reached XP level 3. HP: 27/27 MP: 3/3
    12 | D        | Reached ** piety under Trog
    12 | D        | Reached skill level 6 in Fighting
    12 | D        | Reached skill level 5 in Axes
    12 | D        | Reached XP level 4. HP: 32/32 MP: 4/4
    20 | D        | Killed a crocodile
   175 | D        | Noticed an orange crystal statue
   177 | D        | Noticed Menkaure
   185 | D        | Killed Menkaure
   185 | D        | Reached skill level 8 in Fighting
   185 | D        | Reached XP level 5. HP: 20/40 MP: 5/5
   187 | D        | Found Muuron's Antique Armour Boutique.
   187 | D        | Found Burr's Book Shop.
   188 | D        | Found Qotus's Magic Scroll Shop.
   188 | D        | Found Enuase's Assorted Antiques.
   188 | D        | Found Juigho's Gadget Shop.
   189 | D        | Found Agiolud's Book Shop.
   189 | D        | Found Delut's Distillery.
   189 | D        | Found Popnoer's Distillery.
   189 | D        | Found Sianaj's Distillery.
   190 | D        | Found Keopaont's Jewellery Boutique.
   190 | D        | Found Hiahilos's Antique Armour Boutique.
   190 | D        | Found Con Kul's Antique Weapon Shop.
   190 | D        | Noticed a slime creature
   242 | D        | Found Yttitama's Jewellery Boutique.
   242 | D        | Found Zekigod's General Store.
   242 | D        | Noticed a slime creature
   242 | D        | Noticed a slime creature
   242 | D        | Noticed an oklob plant
   243 | D        | Found Zucol Rowy's Book Shoppe.
   243 | D        | Found Bowayn's Food Boutique.
   244 | D        | Noticed a shining eye
   321 | D        | Noticed a shining eye
   321 | D        | Noticed a shining eye
   368 | D        | Noticed a hell hog
   369 | D        | Noticed a hell hog
   379 | D        | Bought a runed chain mail for 172 gold pieces
   405 | D        | Noticed a neqoxec
   405 | D        | Noticed a neqoxec
   405 | D        | Noticed a neqoxec
   405 | D        | Noticed a neqoxec
   417 | D        | Gained mutation: Armour fits poorly on your strangely shaped body. [a neqoxec]
   420 | D        | Gained mutation: Your body sometimes deteriorates upon taking damage. [a neqoxec]
   420 | D        | Gained mutation: Scrolls take you a little longer to read. [a neqoxec]
   423 | D        | Killed a neqoxec
   423 | D        | Reached *** piety under Trog
   423 | D        | Reached skill level 9 in Fighting
   423 | D        | Reached XP level 6. HP: 46/46 MP: 6/6
   423 | D        | Gained mutation: You occasionally shout uncontrollably at your foes. [a neqoxec]
   427 | D        | Killed a neqoxec
   427 | D        | Reached XP level 7. HP: 52/52 MP: 7/7
   431 | D        | Killed a neqoxec
   431 | D        | Reached skill level 10 in Fighting
   431 | D        | Reached skill level 10 in Axes
   431 | D        | Reached skill level 5 in Armour
   436 | D        | Gained mutation: Your magical capacity is low. (-10% MP) [a neqoxec]
   439 | D        | Killed a neqoxec
   654 | D        | Reached **** piety under Trog
   697 | D        | Noticed a tyrant leech
   697 | D        | Noticed a tyrant leech
   720 | D        | Bought a polished short sword for 152 gold pieces
   720 | D        | Identified the +5 short sword of Sloth {venom, +Blink +Fly rElec Dex-5} (You bought it in a shop in the Dungeon)
   745 | D        | Reached skill level 11 in Fighting
   758 | D        | Noticed an obsidian statue
   770 | D        | Found a glowing golden altar of the Shining One.
   770 | D        | Found an ornate altar of the Wu Jian Council.
   770 | D        | Found a stormy altar of Qazlal.
   772 | D        | Found a shimmering altar of Xom.
   772 | D        | Found a sacrificial altar of Ru.
   772 | D        | Found a hazy altar of Hepliaklqana.
   773 | D        | Found a basalt altar of Yredelemnul.
   773 | D        | Found a deep blue altar of Sif Muna.
   773 | D        | Found a viscous altar of Jiyva.
   774 | D        | Found a glowing silver altar of Zin.
   774 | D        | Found a bloodstained altar of Trog.
   774 | D        | Found an ancient bone altar of Kikubaaqudgha.
   774 | D        | Found a snail-covered altar of Cheibriados.
   775 | D        | Found a hide-covered altar of Uskayaw.
   775 | D        | Found a corrupted altar of Lugonu.
   775 | D        | Found a shadowy altar of Dithmenos.
   776 | D        | Found a radiant altar of Vehumet.
   776 | D        | Found a burning altar of Makhleb.
   776 | D        | Found a white marble altar of Elyvilon.
   777 | D        | Found a sparkling altar of Nemelex Xobeh.
   777 | D        | Found a blossoming altar of Fedhas.
   778 | D        | Found an iron altar of Okawaru.
   778 | D        | Found an opulent altar of Gozag.
   779 | D        | Noticed a yaktaur
   779 | D        | Noticed a hornet
   779 | D        | Noticed a polar bear
   780 | D        | Noticed a polar bear
   781 | D        | Noticed a polar bear
   785 | D        | Killed a polar bear
   785 | D        | Reached XP level 8. HP: 60/60 MP: 7/7
   791 | D        | Killed a hornet
   791 | D        | Reached ***** piety under Trog
   791 | D        | Reached skill level 12 in Fighting
   791 | D        | Reached skill level 1 in Short Blades
   796 | D        | Killed a polar bear
   796 | D        | Received a gift from Trog
   796 | D        | Reached skill level 5 in Dodging
   805 | D        | Killed a yaktaur
   815 | D        | HP: 3/62 [polar bear (9)]
   817 | D        | Slain by a polar bear

Skill      XL: |  1  2  3  4  5  6  7  8 |
---------------+-------------------------+-----
Fighting       | 5 6 8 9 11 12 | 12.7
Axes           | 4 5 7 8 9 10 | 10.9
Dodging        | 2 3 4 5 |  5.0
Armour         | 3 4 6 9 |  9.3
Short Blades   | 3 |  3.2

Action                   |  1- 3 |  4- 6 |  7- 9 || total
-------------------------+-------+-------+-------++-------
Melee: Hand axe          |     9 |    32 |    26 ||    67
       Short sword       |       |       |    40 ||    40
Invok: Berserk           |     1 |     2 |     1 ||     4
  Use: Potion            |       |       |     1 ||     1
  Eat: Chunk             |       |       |     1 ||     1
Armor: Animal skin       |     1 |       |       ||     1
       Chain mail        |       |     9 |    64 ||    73
Dodge: Dodged            |     4 |    15 |    45 ||    64
